 Dungeon Crawl Stone Soup version 0.18-a0-641-g4caf58e (webtiles) character file.

373 Proton the Shield-Bearer (level 7, 0/55 HPs)
             Began as a Formicid Fighter on Dec 5, 2015.
             Was an Initiate of Ru.
             Slain by a river rat (6 damage)
             ... in a sewer.
             The game lasted 00:06:23 (3963 turns).

Proton the Shield-Bearer (Formicid Fighter)         Turns: 3963, Time: 00:06:23

Health: 0/55       AC:  8    Str: 23    XL:     7   Next: 3%
Magic:  7/7        EV:  9    Int:  7    God:    Ru [......]
Gold:   281        SH: 10    Dex: 10    Spells: 0 memorised, 6 levels left

rFire  . . .     SeeInvis +     a - +0 war axe
rCold  . . .     Clarity  .     b - +0 scale mail
rNeg   . . .     SustAt   .     c - +0 shield
rPois  .         Gourm    .     (helmet unavailable)
rElec  .         Spirit   .     s - +0 cloak
rCorr  .         Dismiss  .     (no gloves)
rMut   .         Stasis   +     (no boots)
MR     .....                    (no amulet)
Stlth  ..........               (no ring)
                                (no ring)

@: not resistant to hostile enchantments, extremely unstealthy
A: permanent stasis, dig shafts and tunnels, four strong arms, antennae 3
a: Dig, Shaft Self, Renounce Religion


You were in a sewer.
You worshipped Ru.
Ru was noncommittal.
You were not hungry.

You visited 2 branches of the dungeon, and saw 5 of its levels.
You also visited: Sewer.

You collected 281 gold pieces.

Inventory:

Hand Weapons
 a - a +0 war axe (weapon)
Armour
 b - a +0 scale mail (worn)
 c - a +0 shield (worn)
 s - a +0 cloak (worn)
Scrolls
 f - 8 scrolls of identify {unknown}
 h - 4 scrolls of remove curse {unknown}
 l - a scroll of random uselessness {unknown}
 m - a scroll of fear {unknown}
 n - a scroll of noise {unknown}
 p - a scroll of enchant armour {unknown}
 q - a scroll of enchant weapon {unknown}
 r - 2 scrolls of teleportation {unknown}
Potions
 d - 2 potions of might
 g - a potion of haste {unknown}
 i - a potion of lignification {unknown}
 j - a potion of agility {unknown}
 k - a potion of ambrosia {unknown}
 o - a potion of brilliance {unknown}
 t - a potion of cancellation {unknown}
 v - 3 potions of curing {unknown}
Books
 u - a book of Unlife

   Spells                             Type                      Level
   a - Recall                         Summoning/Translocation      3
   b - Animate Dead                   Necromancy                   4
   c - Control Undead                 Necromancy                   4
   d - Cigotuvi's Embrace             Necromancy                   5
   e - Death Channel                  Necromancy                   6
   f - Simulacrum                     Ice/Necromancy               6


   Skills:
 + Level 4.7 Fighting
 + Level 4.0 Axes
 + Level 4.4 Armour
 + Level 2.0 Dodging
 + Level 4.8 Shields


You had 6 spell levels left.
You didn't know any spells.

Dungeon Overview and Level Annotations

Branches:
Dungeon (4/15)             Temple (1/1) D:4

Altars:
Elyvilon
Fedhas
Gozag
Kikubaaqudgha
Nemelex Xobeh
Okawaru
Ru
Yredelemnul

Annotations:
D:4 P0WERM0DE's ghost, amateur VSAs


Innate Abilities, Weirdness & Mutations

You are under a permanent stasis effect.
You can dig through walls and to a lower floor.
Your four strong arms can wield two-handed weapons with a shield.
You have a pair of large antennae on your head (SInv).


Message History

The river rat barely misses you. You block the river rat's attack.
You slash the river rat!
The river rat is almost dead.
You slash the river rat!
The river rat is severely wounded.
The river rat bites you!
* * * LOW HITPOINT WARNING * * *
The river rat bites you.
* * * LOW HITPOINT WARNING * * *
The river rat bites you but does no damage.
You slash the river rat!
You kill the river rat!
Your Axes skill increases to level 4!
You hit the river rat.
The river rat is almost dead.
The river rat misses you.
You barely miss the river rat.
The river rat is almost dead.
The river rat bites you.
You die...

......#
#......#
≈≈..≈≈#
#≈≈.≈≈.#
≈≈≈≈≈≈#
#≈≈≈≈≈≈#
≈≈≈≈≈≈#
#≈≈≈≈≈≈#
≈≈≈≈≈≈#
#≈≈≈≈≈≈#
≈≈≈≈≈≈#
#≈≈≈≈≈≈#
≈≈≈≈≈≈#
#≈≈≈≈≈≈#
≈≈≈≈≈≈#
#≈r.†≈≈#
≈≈≈≈≈≈#
#.≈@)..#
≈≈≈≈≈≈#
#≈..≈≈≈#
≈≈≈≈≈≈#
#≈≈.≈≈≈#
≈≈≈≈≈≈#
#≈≈≈≈≈≈#
≈≈≈≈≈≈#
#≈≈≈≈≈≈#
≈≈≈≈≈≈#
#≈≈≈≈≈≈#
≈≈≈≈≈≈#
#≈≈≈≈≈≈#
≈≈≈†≈≈#
#≈≈≈≈≈≈#
≈≈≈≈≈≈#
#≈≈≈≈≈≈#


You could see a river rat.

Vanquished Creatures
  An orc priest (D:3)
  Ijyb (D:3)
  An iguana (D:4)
  8 adders
  6 gnolls (D:2)
  3 river rats (Sewer)
  An ooze (Sewer)
  2 adder skeletons (D:4)
  3 worms
  6 giant geckos
  7 orcs
  5 giant cockroaches
  6 hobgoblins
  6 jackals (D:3)
  11 kobolds
  4 ball pythons (Sewer)
  10 bats
  6 giant newts
  6 goblins
  30 rats
123 creatures vanquished.

Notes
Turn   | Place    | Note
--------------------------------------------------------------
     0 | D:1      | Proton the Formicid Fighter began the quest for the Orb.
     0 | D:1      | Reached XP level 1. HP: 18/18 MP: 1/1
   252 | D:1      | Reached XP level 2. HP: 24/24 MP: 2/2
   458 | D:1      | Reached XP level 3. HP: 27/29 MP: 3/3
  1111 | D:2      | Found a white marble altar of Elyvilon.
  1200 | D:2      | Reached XP level 4. HP: 25/37 MP: 4/4
  1340 | D:2      | Reached skill level 4 in Fighting
  1685 | D:2      | Reached XP level 5. HP: 42/42 MP: 5/5
  2005 | D:3      | Reached skill level 1 in Dodging
  2844 | D:3      | Reached XP level 6. HP: 28/49 MP: 6/6
  3177 | D:3      | Noticed Ijyb
  3186 | D:3      | Killed Ijyb
  3240 | D:4      | Noticed P0WERM0DE's ghost (amateur VSAs)
  3264 | D:4      | Found a staircase to the Ecumenical Temple.
  3281 | Temple   | Entered the Ecumenical Temple
  3367 | Temple   | Became a worshipper of Ru the Awakened
  3429 | D:4      | Found an opulent altar of Gozag.
  3594 | D:4      | Found a glowing drain.
  3598 | Sewer    | Entered a sewer
  3960 | Sewer    | Reached XP level 7. HP: 19/55 MP: 7/7
  3963 | Sewer    | Slain by a river rat

Vault maps used:
D:1:      lightli_arrival_farm, minmay_fountain_box, minmay_rat_gold_closets
D:2:      old_standard_altar, first_bread
D:3:      uniq_iyjb
D:4:      minmay_temple_entry_trees, serial_shops, nicolae_shop_behind_doors,
          lightli_sewer_entry_pipes, serial_bayou, serial_bayou_lake_a,
          serial_bayou_pond_a, serial_bayou_crossing, serial_bayou_pond_e,
          grunt_gozag_breadcrumbs, uniq_eustachio, uniq_robin, uniq_grinder
Temple:   circular_temple_6
Sewer:    sewer_minmay_w

Action                   |  1- 3 |  4- 6 |  7- 9 || total
-------------------------+-------+-------+-------++-------
Melee: War axe           |   139 |   270 |     3 ||   412
  Eat: Bread ration      |     1 |     2 |       ||     3
